 Dungeon Crawl Stone Soup version 0.28-a0-1038-g9c4cb8273d (webtiles) character file.

Game seed: 13408861572749326876

3243 weirdocat the Cleaver (level 9, -1/70 HPs)
             Began as a Hill Orc Fighter on Dec 8, 2021.
             Was a Priest of Beogh.
             Killed from afar by a gargoyle (24 damage)
             ... with a stone arrow
             ... on level 9 of the Dungeon.
             The game lasted 00:31:09 (8669 turns).

weirdocat the Cleaver (Hill Orc Fighter)            Turns: 8669, Time: 00:31:10

Health: -1/70      AC: 16    Str: 29    XL:     9   Next: 99%
Magic:  9/9        EV: 10    Int:  8    God:    Beogh [***...]
Gold:   371        SH:  8    Dex: 10    Spells: 8/8 levels left

rFire   x . .      SeeInvis .   s - +2 hand axe (freeze)
rCold   + . .      Faith    .   y - +0 kite shield
rNeg    . . .      Spirit   .   J - +0 swamp dragon scales
rPois   +          Reflect  .   f - +0 helmet
rElec   .          Harm     .   z - +0 cloak
rCorr   .          Rampage  .   b - +2 pair of gloves
Will    .....                   (no boots)
Stlth   +.........              v - amulet of regeneration
HPRegen 1.01/turn               u - +6 ring of strength
MPRegen 0.11/turn               a - ring of ice

@: flying
A: no striking features
a: Renounce Religion, Smiting


You were on level 9 of the Dungeon.
You worshipped Beogh.
Beogh was most pleased with you.
You visited 2 branches of the dungeon, and saw 10 of its levels.

You collected 371 gold pieces.

Inventory:

Hand Weapons
 s - a +2 hand axe of freezing (weapon)
Missiles
 j - 63 poisoned darts (quivered)
 H - a throwing net
Armour
 b - a +2 pair of gloves (worn)
 f - a +0 helmet (worn)
 y - a +0 kite shield (worn)
 z - a +0 cloak (worn)
 A - a +0 chain mail
 J - +0 swamp dragon scales (worn)
Jewellery
 a - a ring of ice (right hand)
 u - a +6 ring of strength (left hand)
 v - an amulet of regeneration (around neck)
 G - an amulet of faith
 I - a ring of see invisible
Wands
 h - a wand of iceblast (38)
 K - a wand of digging (2)
Scrolls
 d - 3 scrolls of teleportation {unknown}
 e - a scroll of enchant weapon {unknown}
 g - a scroll of enchant armour {unknown}
 i - a scroll of immolation {unknown}
 k - 2 scrolls of vulnerability {unknown}
 m - 4 scrolls of acquirement {unknown}
 w - a scroll of fear {unknown}
 x - 2 scrolls of fog {unknown}
 C - 2 scrolls of blinking {unknown}
 D - a scroll of amnesia {unknown}
 E - a scroll of holy word {unknown}
 F - a scroll of identify
Potions
 c - a potion of heal wounds
 l - 3 potions of brilliance
 n - a potion of ambrosia
 o - 4 potions of curing
 p - 5 potions of mutation
 q - a potion of degeneration
 r - 2 potions of flight
 t - a potion of attraction
 B - 2 potions of cancellation {unknown}


   Skills:
 - Level 3.6 Fighting
 + Level 12.7 Axes
 - Level 0.8 Throwing
 + Level 8.9 Armour
 + Level 3.6 Dodging
 - Level 1.4 Stealth
 + Level 4.8 Shields


You had 8 spell levels left.
You didn't know any spells.
Your spell library contained the following spells:

 Spells                   Type           Power      Damage    Failure   Level
 Animate Skeleton         Necr           0%         N/A       91%         1
 Apportation              Tloc           0%         N/A       91%         1
 Summon Small Mammal      Summ           0%         N/A       91%         1
 Blink                    Tloc           0%         N/A       97%         2
 Scorch                   Fire           0%         2d5       97%         2
 Sublimation of Blood     Necr           0%         N/A       97%         2
 Wereblood                Tmut           0%         N/A       97%         2
 Call Canine Familiar     Summ           0%         N/A       100%        3
 Frozen Ramparts          Ice            0%         1d2       100%        3
 Portal Projectile        Hex/Tloc       0%         N/A       100%        3
 Flame Wave               Conj/Fire      0%         2d4       100%        4
 Ice Form                 Ice/Tmut       0%         N/A       100%        4
 Leda's Liquefaction      Hex/Erth       0%         N/A       100%        4
 Summon Ice Beast         Ice/Summ       0%         N/A       100%        4
 Manifold Assault         Tloc           0%         N/A       100%        5
 Summon Cactus Giant      Summ           0%         N/A       100%        6
 Storm Form               Tmut/Air       0%         N/A       100%        7
 Summon Hydra             Summ           0%         N/A       100%        7


Dungeon Overview and Level Annotations

Branches:
Dungeon (9/15)             Temple (1/1) D:7
   Lair: D:8-11         Orc: D:9-12

Altars:
Ashenzari
Cheibriados
Dithmenos
Elyvilon
Fedhas
Gozag
Hepliaklqana
Kikubaaqudgha
Nemelex Xobeh
Okawaru
Qazlal
Ru
Sif Muna
Trog
Uskayaw
Vehumet
Wu Jian
Xom
Zin
The Shining One

Shops:
D:2 =   D:4 ==   D:6 =   D:7 :[=*[

Portals:
Bailey: D:9

Annotations:
D:4 3 runed translucent doors, Dwachs's ghost, amateur OpEE


Message History

You closely miss the gargoyle.
The gargoyle is almost destroyed.
The gargoyle hurls a stone arrow at you.
The stone arrow misses you. The stone arrow hits your orc warrior!
You hit the gargoyle but do no damage.
The gargoyle is severely damaged.
The gargoyle hurls a stone arrow at you.
The stone arrow misses you. The stone arrow hits your orc warrior!!
You hit the gargoyle but do no damage.
The gargoyle is severely damaged.
The gargoyle hurls a stone arrow at you.
You block the stone arrow.
You barely miss the gargoyle.
The gargoyle is severely damaged.
You hit the gargoyle but do no damage.
The gargoyle is severely damaged.
The gargoyle hits you with a +0 mace!
You barely miss the gargoyle.
The gargoyle is severely damaged.
You hear the faint creaking of a distant portcullis.
You block the gargoyle's attack.
You hit the gargoyle. You freeze the gargoyle.
The gargoyle is almost destroyed.
The gargoyle hurls a stone arrow at you.
The stone arrow hits you!!
* * * LOW HITPOINT WARNING * * *
You hit the gargoyle. You freeze the gargoyle.
The gargoyle is almost destroyed.
The gargoyle barely misses you.
You hit the gargoyle but do no damage.
The gargoyle is almost destroyed.
The gargoyle hits you but does no damage.
You hit the gargoyle but do no damage.
The gargoyle is almost destroyed.
You block the gargoyle's attack.
You hit the gargoyle but do no damage.
The gargoyle is almost destroyed.
The gargoyle hurls a stone arrow at you.
The stone arrow hits you!!
You die...

......###.####......##
........#.###........#
.....##......(.......#
.....###.....#.......#
.....##..### ##.....##
..........# #$......#
.....##.#.# #.......#
.....##.#.# #..o....#
........#<# ###@#..##
.##.##......# #9#.## .
#..##.#.#.# .c### .
##. #.#...# .... #.#.#
....⌠. ### ##.....
##..## ##.#


You could see a gargoyle (ally target), a centaur and a friendly orc warrior.

Vanquished Creatures
  Menkaure (D:3)
  A water moccasin (D:7)
  Duvessa (D:4)
  A sky beast (D:6)
  3 ice beasts
  A necrophage (D:6)
  3 ogres
  2 centaurs
  A phantom (D:5)
  A kobold brigand (D:7)
  2 bullfrogs
  A gnoll sergeant (D:7)
  3 scorpions
  A water moccasin zombie (D:5)
  Dowan (D:4)
  A killer bee (D:8)
  A centaur zombie (D:5)
  2 hounds
  5 orc priests
  A bullfrog skeleton (D:5)
  A centaur skeleton (D:6)
  2 gnoll shamans
  Ijyb (D:4)
  Terence (D:2)
  2 iguanas
  Natasha (thrice) (D:2)
  8 orc wizards
  A hound zombie (D:5)
  5 adders
  16 gnolls
  2 adder skeletons (D:4)
  A worm (D:2)
  28 orcs
  5 ball pythons
  3 endoplasms
  7 giant cockroaches
  6 goblins
  8 hobgoblins
  4 jackals (D:3)
  5 quokkas
  2 bats (D:1)
  3 frilled lizards (D:1)
  15 kobolds
  6 rats
168 creatures vanquished.

Vanquished Creatures (collateral kills)
  A water moccasin (D:8)
  A kobold brigand (D:9)
  2 bullfrogs
  3 killer bees (D:8)
  A goblin (D:9)
  A kobold (D:9)
9 creatures vanquished.

Vanquished Creatures (others)
  An orc wizard (D:8)
  2 orcs
  A quokka (D:3)
  2 ball pythons (D:3)
  A frilled lizard (D:3)
  2 fungi (D:2)
  35 plants
44 creatures vanquished.

Grand Total: 221 creatures vanquished

Notes
Turn   | Place    | Note
-------+----------+-------------------------------------------
     0 | D:1      | weirdocat the Hill Orc Fighter began the quest for the Orb.
     0 | D:1      | Reached XP level 1. HP: 19/19 MP: 1/1
   152 | D:1      | Reached XP level 2. HP: 22/26 MP: 2/2
   215 | D:1      | Reached skill level 3 in Axes
   685 | D:1      | You fall into a shaft and drop 1 floor!
   695 | D:2      | Found a white marble altar of Elyvilon.
   719 | D:2      | Reached XP level 3. HP: 28/31 MP: 3/3
   892 | D:2      | Noticed Natasha
   903 | D:2      | Killed Natasha
   904 | D:2      | Reached skill level 4 in Axes
   904 | D:2      | Reached XP level 4. HP: 39/39 MP: 4/4
   908 | D:2      | Found a faded altar of an unknown god.
   952 | D:2      | Noticed Natasha
   957 | D:2      | Killed Natasha
  1424 | D:2      | Found Zimuryan's Jewellery Boutique.
  2054 | D:2      | Reached skill level 5 in Axes
  2203 | D:3      | Noticed Terence
  2217 | D:2      | Killed Terence
  2218 | D:2      | Reached XP level 5. HP: 22/45 MP: 5/5
  2504 | D:3      | Found a sparkling altar of Nemelex Xobeh.
  2544 | D:3      | Became a worshipper of Beogh the Brigand
  2903 | D:3      | Reached skill level 6 in Axes
  2903 | D:3      | Reached XP level 6. HP: 25/51 MP: 6/6
  3061 | D:3      | Found a white marble altar of Elyvilon.
  3422 | D:2      | Noticed Natasha
  3431 | D:2      | Killed Natasha
  3655 | D:4      | Reached skill level 5 in Armour
  3688 | D:4      | Reached skill level 1 in Dodging
  3779 | D:4      | Found Rubruq's Jewellery Emporium.
  3868 | D:4      | Noticed Dowan
  3868 | D:4      | Noticed Duvessa
  3885 | D:4      | Killed Duvessa
  3886 | D:4      | Reached XP level 7. HP: 38/57 MP: 7/7
  3903 | D:4      | Killed Dowan
  3904 | D:4      | Reached skill level 7 in Axes
  4142 | D:4      | Noticed Menkaure
  4324 | D:3      | Reached * piety under Beogh
  4498 | D:3      | Killed Menkaure
  4666 | D:4      | Noticed Ijyb
  4694 | D:4      | Killed Ijyb
  4761 | D:3      | Reached skill level 1 in Stealth
  4971 | D:4      | Found Damon's Jewellery Shop.
  4972 | D:4      | Found a runed translucent gate.
  4972 | D:4      | Found a runed translucent gate.
  4972 | D:4      | Found a runed translucent gate.
  4973 | D:4      | Noticed Dwachs's ghost (amateur OpEE)
  5127 | D:4      | Reached skill level 8 in Axes
  5378 | D:5      | Entered Level 5 of the Dungeon
  5396 | D:5      | Reached XP level 8. HP: 62/64 MP: 8/8
  5439 | D:5      | Reached skill level 9 in Axes
  5650 | D:5      | Found a sacrificial altar of Ru.
  6025 | D:5      | Found an iron altar of Okawaru.
  6347 | D:6      | Reached skill level 10 in Axes
  6674 | D:6      | Reached ** piety under Beogh
  6675 | D:6      | Reached XP level 9. HP: 68/70 MP: 9/9
  6907 | D:6      | Reached skill level 11 in Axes
  7109 | D:6      | Found Xeocoh Ceiru's Jewellery Emporium.
  7234 | D:7      | Found Olidgh's Armour Shoppe.
  7435 | D:7      | Found Jottiu Utuo's Jewellery Shop.
  7443 | D:7      | Found Ututed's Book Shoppe.
  7482 | D:7      | Found Ilecywot's Armour Shoppe.
  7516 | D:7      | Reached skill level 12 in Axes
  7543 | D:7      | Found Ewkinoto's Assorted Antiques.
  7608 | D:7      | Found a hide-covered altar of Uskayaw.
  7670 | D:7      | Found a staircase to the Ecumenical Temple.
  7730 | Temple   | Entered the Ecumenical Temple
  8109 | D:8      | Reached *** piety under Beogh
  8589 | D:9      | Found a flagged portal.
  8645 | D:9      | Noticed a gargoyle
  8669 | D:9      | Killed from afar by a gargoyle

Illustrated notes

Levels and vault maps discovered:
D:1:      dpeg_arrival_long_road, layout_loops_cross, skrybe_limestone_x,
          minmay_box_of_dots
D:2:      layout_basic, basic_altar, serial_shops, nicolae_shop_trees,
          dreamdust_ecumenical_altar_grove, minmay_fractal_squares_5,
          uniq_natasha
D:3:      layout_basic, overflow_temple_1_default, nemelex_spade_bored_becter,
          minmay_ruptured, uniq_terence
D:4:      minmay_bubble_buster, layout_cave_pools,
          gammafunk_ghost_nasty_kobolds, serial_shops,
          nicolae_shop_behind_doors, shop, minmay_a_box_with_orc_wizards_in_it,
          uniq_menkaure, uniq_ijyb, uniq_duvessa
D:5:      layout_layer_cave, mainiacjoe_overflow_alcove_4,
          mainiacjoe_overflow_catwalk, corexii_leaking_fountain
D:6:      layout_basic, nrook_campfire, kennysheep_small_square
D:7:      layout_rooms, mainiacjoe_overflow_alcove_1, minmay_temple_entry_tees,
          serial_shops, nicolae_shop_stone, nicolae_take_the_stairs,
          nicolae_stop_n_shop_1, nicolae_lakefront_shop, shop,
          minmay_diced_spiral
D:8:      layout_basic, minivault_24
D:9:      layout_rooms, david_lair_shrubbed, david_orc_3, serial_glass,
          glass_columns_a, glass_columns_c, glass_columns_c, glass_columns_b,
          glass_columns_a, glass_columns_c, enter_bailey_5, grunt_ministairs_14
Temple:   regret_index_temple_waves

Skill      XL: |  1  2  3  4  5  6  7  8  9 |
---------------+----------------------------+-----
Axes           | 3 4 5 6 8 10 12 | 12.7
Armour         | 4 5 6 7 8 |  8.9
Dodging        | 1 2 3 |  3.6
Shields        | 4 |  4.8
Stealth        | 1 |  1.4
Fighting       | |  3.6
Throwing       | |  0.8

Action                   |  1- 3 |  4- 6 |  7- 9 || total
-------------------------+-------+-------+-------++-------
Melee: War axe           |    73 |   151 |    28 ||   252
       Hand axe          |       |       |   436 ||   436
Throw: Dart              |       |     5 |    18 ||    23
Invok: Convert to Beogh  |       |     1 |       ||     1
  Use: Potion            |     1 |     2 |     2 ||     5
       Scroll            |     1 |     2 |     4 ||     7
 Stab: Confused          |       |       |     2 ||     2
Armor: Scale mail        |    27 |   100 |    89 ||   216
       Chain mail        |       |       |   126 ||   126
       Swamp dragon scal |       |       |     9 ||     9
Dodge: Dodged            |    33 |    62 |   146 ||   241
Block: Buckler           |    15 |    24 |    44 ||    83
       Kite shield       |       |       |    62 ||    62

Table legend: (Time is in decaauts)
 A = Elapsed time spent in this place.
 B = Non-inter-level travel time spent in this place.
 C = Inter-level travel time spent in this place.
 D = Time resting spent in this place.
 E = Time spent auto-exploring this place.
 F = Levels seen in this place.
 G = Mean time per level.
                   A        B        C        D        E       F      G
               +--------+--------+--------+--------+--------+-----+--------+
         Total |   8699 |   7951 |    748 |   1933 |   4160 |  10 |  869.9 |
       Dungeon |   8566 |   7834 |    732 |   1933 |   4058 |   9 |  951.8 |
        Temple |    133 |    118 |     15 |      0 |    102 |   1 |  133.0 |
               +--------+--------+--------+--------+--------+-----+--------+

Top non-repeatable levels by time:
     D:2: 1916 daAuts
     D:3: 1468 daAuts
     D:4: 1151 daAuts
     D:5: 925 daAuts
     D:1: 923 daAuts
     D:6: 846 daAuts
     D:7: 603 daAuts
     D:8: 574 daAuts
     D:9: 156 daAuts
  Temple: 133 daAuts
